 Dungeon Crawl Stone Soup version 0.30.0-30-g96aa6591b8 (webtiles) character file.

Game seed: 13869750165497954119

61 Heoruswealwe the Caller (level 3, 0/19 HPs)
             Began as a Deep Elf Summoner on June 27, 2023.
             Slain by a cerulean imp
             ... wielding a +1 spear
             ... summoned by Natasha
              (6 damage)
             ... on level 2 of the Dungeon.
             The game lasted 00:10:48 (836 turns).

Heoruswealwe the Caller (Deep Elf Summoner)          Turns: 836, Time: 00:10:49

Health: 0/19       AC:  2    Str: 11    XL:     3   Next: 83%
Magic:  6/11       EV: 12    Int: 21    God:
Gold:   63         SH:  0    Dex: 15    Spells: 2/11 levels left

rFire   . . .        (no weapon)
rCold   . . .        (no shield)
rNeg    . . .        c - +0 robe
rPois   .            (no helmet)
rElec   .            (no cloak)
rCorr   .            (no gloves)
SInv    .            (no boots)
Will    .....        (no amulet)
Stlth   ++           k - +6 ring of strength
HPRegen 0.23/turn    (no ring)
MPRegen 0.12/turn

%: no passive effects
@: slowed, very slow
A: no striking features
a: no special abilities


You were on level 2 of the Dungeon.
You visited 1 branch of the dungeon, and saw 2 of its levels.

You collected 63 gold pieces.

Inventory:

Armour
 c - a +0 robe (worn)
 m - a +0 robe
Magical Staves
 l - a staff of conjuration
Jewellery
 k - a +6 ring of strength (left hand)
Scrolls
 a - a scroll of identify {unknown}
 e - a scroll of blinking {unknown}
 f - a scroll of summoning {unknown}
 h - 2 scrolls of magic mapping {unknown}
 i - 2 scrolls of enchant weapon {unknown}
Potions
 b - a potion of magic
 d - a potion of brilliance
 g - a potion of flight {unknown}
 j - a potion of degeneration {unknown}


   Skills:
 - Level 2.4 Dodging
 - Level 2.4 Stealth
 + Level 4.6 Spellcasting
 + Level 5.3 Summonings


You had 2 spell levels left.
You knew the following spells:

 Your Spells              Type           Power      Damage    Failure   Level
a - Summon Small Mammal   Summ           100%       N/A       1%          1
b - Call Imp              Summ           54%        N/A       1%          2
c - Call Canine Familiar  Summ           27%        N/A       3%          3
d - Summon Guardian Gole  Hex/Summ       15%        N/A       12%         3

Your spell library contained the following spells:

 Spells                   Type           Power      Damage    Failure   Level
 Summon Lightning Spire   Summ/Air       15%        N/A       36%         4


Dungeon Overview and Level Annotations

Branches:
Dungeon (2/15)

Altars:

Annotations:
D:2 Natasha


Message History

Your hound bites the hobgoblin.
The hobgoblin dies!
You swap places.
Things that are here:
a +0 dagger; a +0 robe
m - a +0 robe
Found a scroll labelled ROREXO ODUIDUL.
Found a stone staircase leading down.
A frilled lizard comes into view.
The frilled lizard hisses angrily.
The frilled lizard bites your hound but does no damage.
Your hound completely misses the frilled lizard.
The frilled lizard bites your hound.
Your hound barely misses the frilled lizard.
Your hound bites the frilled lizard.
The frilled lizard dies!
i - 2 scrolls labelled ROREXO ODUIDUL (gained 1)
Your hound disappears in a puff of smoke!
You see here a frilled lizard corpse.
Found a scroll labelled XYDGHAWA UPLAUREKH.
Natasha, Servant of Life and Death comes into view.
She is carrying a wand of flame (6).
The spell is quite dangerous to miscast (3% risk of failure)!
Continue anyway?
Natasha hisses angrily.
Natasha mumbles some strange words.
Natasha zaps a wand.
The puff of flame hits you.
The cerulean imp hits your hound with a +1 spear.
Natasha zaps a wand.
The puff of flame hits your hound!
Natasha zaps a wand.
The puff of flame hits your hound!
Your hound dies!
Your hound's corpse disappears in a puff of smoke!
The spell is quite dangerous to miscast (3% risk of failure)!
Continue anyway?
The cerulean imp misses you.
The cerulean imp hits you from afar with a +1 spear.
Natasha stares at you and mumbles some strange words.
You feel yourself slow down. The cerulean imp misses you.
Your hound closely misses the cerulean imp.
Natasha zaps a wand.
The puff of flame hits you!
Your hound barely misses the cerulean imp.
The cerulean imp hits you from afar with a +1 spear.
You die...

#....###### ####.# #.#
#.# . #.# ###### .. #.#
#....#####...
#.######.###.#..........
#..........†............
##...........@..........
...........###.5h..?....
##......##...#..........
###.#.#####.#.h........
#.#. .>.......... . #.
#........... ## #.
#...........
#...........


You could see Natasha, a cerulean imp (summoned, ally target) and a friendly
hound (summoned).

Vanquished Creatures (collateral kills)
  Jessica (D:2)
  A dart slug (D:1)
  3 ball pythons (D:1)
  2 goblins (D:1)
  4 hobgoblins
  4 jackals (D:1)
  2 quokkas (D:1)
  4 bats (D:1)
  A frilled lizard (D:2)
  7 kobolds (D:1)
  3 rats (D:1)
32 creatures vanquished.

Notes
Turn   | Place    | Note
-------+----------+-------------------------------------------
     0 | D:1      | Heoruswealwe the Deep Elf Summoner began the quest for the
                  | Orb.
     0 | D:1      | Reached XP level 1. HP: 10/10 MP: 6/6
    96 | D:1      | Reached XP level 2. HP: 15/15 MP: 2/8
    99 | D:1      | Learned a level 2 spell: Call Imp
   553 | D:1      | Reached XP level 3. HP: 19/19 MP: 8/10
   557 | D:1      | Learned a level 3 spell: Call Canine Familiar
   561 | D:1      | Learned a level 3 spell: Summon Guardian Golem
   571 | D:1      | Reached skill level 5 in Summonings
   778 | D:2      | Noticed Jessica
   788 | D:2      | Killed Jessica
   827 | D:2      | Noticed Natasha
   836 | D:2      | Slain by a cerulean imp

Illustrated notes

Levels and vault maps discovered:
D:1:      nzn_arrival_water_spiral, layout_rooms, minivault_24, minivault_27,
          st_stairs_14
D:2:      layout_basic, wad_floor_pattern_2, uniq_jessica, uniq_natasha

Skill      XL: |  1  2  3 |
---------------+----------+-----
Spellcasting   | 4 |  4.6
Summonings     | 5 |  5.3
Dodging        | |  2.4
Stealth        | |  2.4

Action                     || total
---------------------------++-------
  Melee: Unarmed           ||    17
         Punch             ||     1
   Cast: Summon Small Mamm ||    33
         Call Canine Famil ||     5
 Armour: Robe              ||    19
  Dodge: Dodged            ||    54
